 Dungeon Crawl Stone Soup version 0.27-a0-931-g5a74e75d8f (webtiles) character file.

Game seed: 11892739464918463947

35 Alarkh the Insei (level 3, -1/28 HPs)
             Began as a Demonspawn Gladiator on Apr 10, 2021.
             Slain by an ogre
             ... wielding a +0 giant spiked club
              (18 damage)
             ... on level 3 of the Dungeon.
             The game lasted 00:01:12 (962 turns).

Alarkh the Insei (Demonspawn Gladiator)              Turns: 962, Time: 00:01:13

Health: -1/28      AC:  4    Str: 14    XL:     3   Next: 16%
Magic:  3/3        EV: 12    Int: 10    God:
Gold:   55         SH:  0    Dex: 14    Spells: 2/2 levels left

rFire    . . .     SeeInvis .     - Unarmed
rCold    . . .     Faith    .   (no shield)
rNeg     . . .     Spirit   .   a - +0 leather armour
rPois    .         Reflect  .   b - +0 helmet
rElec    .         Harm     .   (no cloak)
rCorr    .         Rampage  .   (no gloves)
Will     .....                  (no boots)
Stlth    +.........             (no amulet)
HPRegen  0.09/turn              (no ring)
MPRegen  0.08/turn              (no ring)

@: no status effects
A: powered by death 1
a: no special abilities


You were on level 3 of the Dungeon.
You visited 1 branch of the dungeon, and saw 4 of its levels.

You collected 55 gold pieces.

Inventory:

Missiles
 c - 3 throwing nets (quivered)
Armour
 a - a +0 leather armour (worn)
 b - a +0 helmet (worn)
Potions
 e - a potion of curing
 f - a potion of attraction


   Skills:
 + Level 2.5 Fighting
 - Level 1.7 Throwing
 - Level 2.6 Dodging
 * Level 3.6 Unarmed Combat


You had 2 spell levels left.
You didn't know any spells.
Your spell library was empty.

Dungeon Overview and Level Annotations

Branches:
Dungeon (4/15)
 Temple: D:4-7

Altars:


Innate Abilities, Weirdness & Mutations

You regenerate a little health from kills.


Message History

The adder skeleton is pulled toward you!
The scorpion is pulled toward you! The hobgoblin is pulled toward you!
The adder skeleton is pulled toward you!
The endoplasm is pulled toward you! The giant cockroach closely misses you.
The scorpion is pulled toward you! The jackal is pulled toward you!
The jackal is pulled toward you! The ogre is pulled toward you!
The goblin is pulled toward you! The giant cockroach barely misses you.
The scorpion is pulled toward you! The gnoll is pulled toward you!
The scorpion stings you but does no damage.
The jackal is pulled toward you! The gnoll is pulled toward you!
The jackal is pulled toward you! The gnoll is pulled toward you!
The goblin is pulled toward you!
The scorpion stings you but does no damage.
The ogre is pulled toward you! The gnoll is pulled toward you!
The goblin completely misses you. The gnoll is pulled toward you!
The ogre is pulled toward you!
The giant cockroach is pulled toward you!
The gnoll closely misses you. The ogre is pulled toward you!
You feel less attractive to monsters.
Found a stone staircase leading up.
A kobold comes into view. It is wielding a +0 short sword.
The kobold shouts!
Found a leather armour.
There is a stone staircase leading up here.
You climb upwards.
Found a scroll labelled LIFOQI ROSI.
There is a stone staircase leading down here.
You climb downwards.
The goblin closely misses you.
The ogre hits you with a +0 giant spiked club!
The goblin hits you but does no damage.
There is a stone staircase leading up, spattered with blood here.
The ogre closely misses you. The goblin hits you but does no damage.
You climb upwards.
There is a stone staircase leading down here.
The ogre hits you with a +0 giant spiked club!!
Ouch! That really hurt!
You die...

##.. #.#
..?##.#
#...#.#
#.#.#.#
.....#
####...#
#......#
###@#
#.O>#
#...##g#
### #.#
..# ###


You could see an ogre and a goblin.

Vanquished Creatures
  2 dart slugs (D:1)
  3 bats (D:1)
  An endoplasm (D:1)
  A hobgoblin (D:1)
  4 jackals (D:1)
  A quokka (D:1)
  A ball python (D:1)
  2 frilled lizards
  5 goblins (D:1)
  4 kobolds
  5 rats
29 creatures vanquished.

Notes
Turn   | Place    | Note
-------+----------+-------------------------------------------
     0 | D:1      | Alarkh the Demonspawn Gladiator began the quest for the
                  | Orb.
     0 | D:1      | Reached XP level 1. HP: 16/16 MP: 1/1
    30 | D:1      | Found a faded altar of an unknown god.
    56 | D:1      | Reached skill level 3 in Unarmed Combat
   167 | D:1      | Gained mutation: You regenerate a little health from kills.
                  | [demonic ancestry]
   167 | D:1      | Reached XP level 2. HP: 21/22 MP: 2/2
   676 | D:1      | Reached XP level 3. HP: 28/28 MP: 3/3
   909 | D:2      | You fall into a shaft and drop 2 floors!
   910 | D:4      | Noticed a scorpion
   911 | D:4      | Noticed an ogre
   962 | D:3      | Slain by an ogre

Illustrated notes

Levels and vault maps discovered:
D:1:      psy_arrival_heroes, layout_loops_ring,
          ebering_ecumenical_altar_abandoned, minmay_tree_intersection
D:2:      layout_basic, grunt_ministairs_11, st_stairs_13,
          grunt_decor_resistance
D:3:      layout_basic, minitemple, uniq_grinder
D:4:      layout_basic, minivault_11, minmay_diced_spiral

Skill      XL: |  1 |
---------------+----+-----
Unarmed Combat | 3 |  3.6
Fighting       | |  2.5
Throwing       | |  1.7
Dodging        | |  2.6

Action                   || total
-------------------------++-------
Melee: Unarmed           ||   101
       Punch             ||     1
  Use: Scroll            ||     1
       Potion            ||     1
 Stab: Sleeping          ||     2
Armor: Leather armour    ||    32
Dodge: Dodged            ||    79

Table legend: (Time is in decaauts)
 A = Elapsed time spent in this place.
 B = Non-inter-level travel time spent in this place.
 C = Inter-level travel time spent in this place.
 D = Time resting spent in this place.
 E = Time spent auto-exploring this place.
 F = Levels seen in this place.
 G = Mean time per level.
                   A        B        C        D        E       F      G
               +--------+--------+--------+--------+--------+-----+--------+
         Total |    955 |    925 |     30 |     36 |    668 |   4 |  238.8 |
       Dungeon |    955 |    925 |     30 |     36 |    668 |   4 |  238.8 |
               +--------+--------+--------+--------+--------+-----+--------+

Top non-repeatable levels by time:
     D:1: 840 daAuts
     D:2: 61 daAuts
     D:4: 50 daAuts
     D:3: 3 daAuts
